 Dungeon Crawl Stone Soup version 0.30-a0-782-ge64f9170bb (webtiles) character file.

Game seed: 16224051795826550979

80619 funkygono the Severer (level 15, -4/137 HPs)
             Began as a Minotaur Fighter on Mar 18, 2023.
             Was the Champion of Makhleb.
             Slain by a lindwurm (16 damage)
             ... on level 4 of the Lair of Beasts.
             The game lasted 00:48:02 (19333 turns).

funkygono the Severer (Minotaur Fighter)           Turns: 19333, Time: 00:48:03

Health: -4/137     AC: 30    Str: 33    XL:     15   Next: 24%
Magic:  18/18      EV:  9    Int:  5    God:    Makhleb [******]
Gold:   2020       SH: 18    Dex: 11    Spells: 14/14 levels left

rFire   . . .      SeeInvis .    q - +9 war axe (freeze)
rCold   . . .      Faith    .    O - +0 kite shield
rNeg    . . .      Spirit   .    b - +2 plate armour {rPois}
rPois   +          Reflect  +    Q - +1 hat
rElec   .          Harm     .    B - +2 cloak {Will+}
rCorr   .          Rampage  .    G - +2 pair of gloves
Will    ++...                    C - +2 pair of boots Stlth
                                 w - amulet of reflection
HPRegen 0.42/turn                j - +6 ring of strength
MPRegen 0.16/turn                u - +4 ring of slaying

@: lethally poisoned (-4 -> -6), invisible
A: horns 2, retaliatory headbutt
a: Renounce Religion, Minor Destruction, Lesser Servant of Makhleb, Major
Destruction, Greater Servant of Makhleb


You were on level 4 of the Lair of Beasts.
You worshipped Makhleb.
Makhleb was exalted by your worship.
You visited 4 branches of the dungeon, and saw 20 of its levels.
You also visited: Bailey, Gauntlet and Volcano.

You collected 2876 gold pieces.
You spent 856 gold pieces at shops.

Inventory:

Hand Weapons
 a - a +3 war axe of draining
 g - a +1 demon blade of flaming
 o - the +6 whip of the Ten Lovers {spect, Drain rCorr Dex-2 Stlth+}
   (You took it off a minotaur in a Gauntlet)

   Dex:       It affects your dexterity (-2).
   rCorr:     It protects you from acid and corrosion.
   Drain:     It drains your maximum health when unequipped.
   Stlth:     It makes you more stealthy.
 q - a +9 war axe of freezing (weapon)
 J - a +4 war axe of electrocution
Armour
 b - a +2 plate armour of poison resistance (worn)
 B - a +2 cloak of willpower (worn)
 C - a +2 pair of boots (worn)
 G - a +2 pair of gloves (worn)
 L - a +4 scale mail of fire resistance
 O - a +0 kite shield (worn)
 Q - a +1 hat (worn)
Jewellery
 j - a +6 ring of strength (left hand)
 m - the amulet of Wymo {RegenMP rPois Str+8 Int-5 Dex+3}
   (You found it in a Gauntlet)

   [amulet of magic regeneration]

   It increases your rate of magic regeneration.
   Str:       It affects your strength (+8).
   Int:       It affects your intelligence (-5).
   Dex:       It affects your dexterity (+3).
   rPois:     It protects you from poison.
 u - a +4 ring of slaying (right hand)
 w - an amulet of reflection (around neck)
 y - a ring of fire
 F - a ring of see invisible
 P - a +6 ring of strength
 R - an amulet of guardian spirit
Wands
 h - a wand of mindburst (8)
 i - a wand of flame (19)
 v - a wand of light (3)
 A - a wand of iceblast (13)
 D - a wand of paralysis (5)
 H - a wand of digging (5)
 N - a wand of polymorph (9)
Scrolls
 c - 3 scrolls of poison
 e - 5 scrolls of blinking
 f - 12 scrolls of teleportation
 n - 2 scrolls of brand weapon
 t - a scroll of fear
 x - 6 scrolls of fog
 I - 8 scrolls of identify
 M - a scroll of silence
Potions
 d - 5 potions of might
 k - 9 potions of haste
 l - 5 potions of curing
 p - 4 potions of flight
 r - 3 potions of berserk rage
 s - 3 potions of mutation
 z - 2 potions of invisibility
 K - 2 potions of cancellation


   Skills:
 + Level 13.9 Fighting
 + Level 19.0 Axes
 + Level 14.5 Armour
 + Level 5.1 Dodging
 + Level 2.0 Stealth
 + Level 15.8 Shields
 + Level 5.9 Invocations
 + Level 1.6 Evocations


You had 14 spell levels left.
You didn't know any spells.
Your spell library contained the following spells:

 Spells                   Type           Power      Damage    Failure   Level
 Apportation              Tloc           0%         N/A       99%         1
 Necrotise                Necr           0%         1d4       99%         1
 Summon Small Mammal      Summ           0%         N/A       99%         1
 Blink                    Tloc           0%         N/A       100%        2
 Cigotuvi's Dreadful Rot  Necr/Pois/Air  0%         N/A       100%        2
 Lesser Beckoning         Tloc           0%         N/A       100%        2
 Momentum Strike          Conj/Tloc      0%         3d8       100%        2
 Poisonous Vapours        Pois/Air       0%         N/A       100%        2
 Sublimation of Blood     Necr           0%         N/A       100%        2
 Call Canine Familiar     Summ           0%         N/A       100%        3
 Dazzling Flash           Conj/Hex       0%         N/A       100%        3
 Frozen Ramparts          Ice            0%         1d1       100%        3
 Mephitic Cloud           Conj/Pois/Air  0%         N/A       100%        3
 Summon Guardian Golem    Hex/Summ       0%         N/A       100%        3
 Cause Fear               Hex            0%         N/A       100%        4
 Ice Form                 Ice/Tmut       0%         N/A       100%        4
 Iskenderun's Mystic Bla  Conj/Tloc      0%         2d3       100%        4
 Petrify                  Tmut/Erth      0%         N/A       100%        4
 Summon Ice Beast         Ice/Summ       0%         N/A       100%        4
 Irradiate                Conj/Tmut      0%         3d11      100%        5
 Yara's Violent Unravell  Hex/Tmut       0%         3d3       100%        5
 Starburst                Conj/Fire      0%         6d3       100%        6
 Dragon Form              Tmut           0%         N/A       100%        7
 Enfeeble                 Hex            0%         N/A       100%        7
 Dragon's Call            Summ           0%         N/A       100%        9


Dungeon Overview and Level Annotations

Branches:
Dungeon (12/15)            Temple (1/1) D:5            Lair (5/5) D:8
 Shoals (0/4) Lair:2       Spider (0/4) Lair:3        Slime (0/5) Lair:4
    Orc (2/2) D:12            Elf (0/3) Orc:2        Bailey (visited)
Volcano (visited)         Gauntlet (visited)

Altars:
Ashenzari
Cheibriados
Dithmenos
Elyvilon
Fedhas
Gozag
Hepliaklqana
Kikubaaqudgha
Makhleb
Nemelex Xobeh
Okawaru
Qazlal
Ru
Sif Muna
Trog
Uskayaw
Vehumet
Wu Jian
Xom
Yredelemnul
Zin
The Shining One
Jiyva

Shops:
D:8 [   D:10 [   Orc:2 (*[:

Annotations:
Lair:4 1 transporter, Wuzine's ghost, journeyman GrFE


Innate Abilities, Weirdness & Mutations

You have a pair of horns on your head.
You reflexively headbutt those who attack you in melee.


Message History

You barely miss the komodo dragon.
You hit Wuzine's ghost but do no damage.
You catch the helpless lindwurm completely off-guard!
You slash the lindwurm! You freeze the lindwurm.
You block the lindwurm's attack. x3; The komodo dragon bites you!
* * * LOW HITPOINT WARNING * * *
The seven-headed hydra barely misses you.
You furiously retaliate!
You headbutt the seven-headed hydra!
You block the seven-headed hydra's attack.
The seven-headed hydra closely misses you.
The seven-headed hydra bites you but does no damage. x3
The seven-headed hydra closely misses you.
You barely miss the seven-headed hydra.
The seven-headed hydra is moderately wounded.
You slash the komodo dragon!
The komodo dragon seems to slow down.
You freeze the komodo dragon. You barely miss Wuzine's ghost.
You hit the lindwurm. You freeze the lindwurm.
You block the lindwurm's attack. x3
Wuzine's ghost closely misses you. The komodo dragon closely misses you.
You furiously retaliate!
You headbutt the komodo dragon!
You kill the komodo dragon!
Makhleb accepts your kill.
You feel better. The seven-headed hydra bites you.
* * * LOW HITPOINT WARNING * * *
The seven-headed hydra closely misses you.
The seven-headed hydra bites you.
* * * LOW HITPOINT WARNING * * *
The seven-headed hydra bites you.
* * * LOW HITPOINT WARNING * * *
The seven-headed hydra bites you but does no damage.
The seven-headed hydra bites you!
* * * LOW HITPOINT WARNING * * *
The seven-headed hydra misses you.
Unknown command.
You feel better.
* * * LOW HITPOINT WARNING * * *
You are poisoned.
You block the lindwurm's attack. x2; The lindwurm barely misses you.
Wuzine's ghost hits you but does no damage.
The lindwurm bites you!
You die...

####.#.#.....######.#.........#.#
.................................
.................................
..............####©###...........
..........##### ###©##..........
..........#....# .....##.........
.........##...#. .#.). #.........
...##.#..#......#..##..#.....#.#.
..####.#.#k.##.†@k.#.l.#.....##.#
...#.....#.....#WD...#.##...##...
...P...P.##.##..y###....#...##...
...P...#..# ...$![[.#..##...##...
....#..##.## .##### .###.........
...#....#..####.©.####...........
............................#..##
............[...............##..#
.................................


You could see a seven-headed hydra (berserk, unable to see you, slow), a
lindwurm (berserk, unable to see you), a moth of wrath (unable to see you) and
Wuzine's ghost (toxic aura, unable to see you).

Vanquished Creatures
  Gastronok (D:12)
  A balrug (Gauntlet)
  An orc warlord (Orc:2)
  Nessos (D:12)
  A minotaur (Gauntlet)
  A red draconian (Volcano)
  Josephine (Orc:1)
  Harold (D:11)
  A hydra (Lair:5)
  An ogre mage (Orc:1)
  4 catoblepae
  5 two-headed ogres
  2 boulder beetles
  5 death yaks (Lair:5)
  Urug (D:12)
  2 orc high priests
  Amaemon (Lair:1)
  2 skeletal warriors (D:12)
  A salamander mystic (Volcano)
  4 orc knights
  A deep elf pyromancer (D:12)
  3 manticores
  5 orc sorcerers
  A cyclops (D:12)
  A worldbinder (Gauntlet)
  4 salamanders (Volcano)
  An oklob plant (Lair:5)
  A moth of wrath (Gauntlet)
  12 elephants
  A torpor snail (Lair:1)
  2 gargoyles
  7 cane toads
  2 molten gargoyles (Volcano)
  The ghost of emiel the Digger, a novice NaEE (D:5)
  4 black mambas
  Psyche (D:8)
  An orange demon (Lair:1)
  3 kobold demonologists
  4 rime drakes
  10 komodo dragons
  6 trolls
  Prince Ribbit (D:7)
  3 polar bears
  13 blink frogs
  A snapping turtle (Lair:2)
  A jumping spider (Lair:3)
  A shadow (D:10)
  3 wyverns
  4 wraiths (Orc:1)
  71 yaks
  A basilisk (Lair:3)
  Grum (D:8)
  2 fire bats (Volcano)
  12 vampire mosquitoes
  Menkaure (D:7)
  2 steam dragons
  4 wargs
  A hell hound (Gauntlet)
  18 water moccasins
  27 orc warriors
  A sky beast (D:7)
  2 ice beasts
  11 ogres
  3 black bears
  2 boggarts (Gauntlet)
  53 wolves
  4 centaurs
  2 phantoms
  Blork the orc (Orc:2)
  6 bullfrogs
  20 kobold brigands
  A necrophage (D:6)
  2 gnoll sergeants
  6 scorpions
  6 wights
  17 killer bees
  3 howler monkeys
  An electric eel (Lair:2)
  3 lava snakes (Volcano)
  Crazy Yiuf (D:3)
  5 hounds
  5 jellies
  10 orc priests
  An iguana (D:5)
  28 orc wizards
  5 hell rats (Lair:1)
  2 bullfrog simulacra (D:5)
  7 gnolls
  4 adders
  A hound simulacrum (D:5)
  A shadow imp (D:6)
  2 white imps (D:5)
  A howler monkey simulacrum (D:5)
  2 ufetubi (D:5)
  A worm (D:3)
  2 dart slugs
  51 orcs
  9 bats
  7 endoplasms
  2 giant cockroaches
  10 goblins
  8 hobgoblins
  2 jackals (D:3)
  2 quokkas
  4 ball pythons
  5 frilled lizards
  37 kobolds
  11 rats
645 creatures vanquished.

Vanquished Creatures (collateral kills)
  A catoblepas (Lair:5)
  A death yak (Lair:5)
  A skeletal warrior (D:12)
  A deep elf pyromancer (D:12)
  A yak (Lair:5)
  A water moccasin (Lair:5)
  2 orc warriors
  An ogre (Orc:1)
  A kobold brigand (D:11)
  A hell rat (Lair:1)
  5 orcs
16 creatures vanquished.

Vanquished Creatures (others)
  An orc warrior (Orc:2)
  An orc priest (Orc:2)
  2 bushes (Lair:3)
  14 demonic plants (Gauntlet)
  9 fungi
  64 plants
91 creatures vanquished.

Grand Total: 752 creatures vanquished

Notes
Turn   | Place    | Note
-------+----------+-------------------------------------------
     0 | D:1      | funkygono the Minotaur Fighter began the quest for the Orb.
     0 | D:1      | Reached XP level 1. HP: 19/19 MP: 0/0
   162 | D:1      | Reached XP level 2. HP: 27/27 MP: 1/1
   951 | D:2      | Reached skill level 3 in Axes
   951 | D:2      | Reached XP level 3. HP: 19/33 MP: 2/2
  1192 | D:2      | You fall into a shaft and drop 1 floor!
  1213 | D:3      | Found a faded altar of an unknown god.
  1707 | D:2      | Reached XP level 4. HP: 38/40 MP: 3/3
  1807 | D:2      | Found a burning altar of Makhleb.
  1886 | D:2      | Became a worshipper of Makhleb the Destroyer
  2241 | D:3      | Found a runed translucent door.
  2242 | D:3      | Noticed Crazy Yiuf
  2247 | D:3      | Killed Crazy Yiuf
  2248 | D:3      | Reached skill level 4 in Axes
  2381 | D:4      | Reached skill level 1 in Dodging
  2381 | D:4      | Reached XP level 5. HP: 42/46 MP: 4/4
  2454 | D:4      | Reached skill level 5 in Armour
  2490 | D:4      | Noticed an ogre
  2495 | D:4      | Killed an ogre
  2496 | D:4      | Reached skill level 5 in Axes
  2496 | D:4      | Reached XP level 6. HP: 53/53 MP: 5/5
  2537 | D:4      | Reached skill level 5 in Shields
  2740 | D:4      | Reached XP level 7. HP: 57/60 MP: 6/6
  2865 | D:4      | Reached * piety under Makhleb
  2866 | D:4      | Reached skill level 6 in Axes
  2895 | D:4      | Identified the +0 robe of the Usurping Gods {Fly MP+9 Int+3
                  | Dex-4 Archmagi}
  3199 | D:5      | Entered Level 5 of the Dungeon
  3216 | D:5      | Found a staircase to the Ecumenical Temple.
  3224 | Temple   | Entered the Ecumenical Temple
  3416 | D:5      | Found a runed translucent gate.
  3417 | D:5      | Found a runed translucent gate.
  3417 | D:5      | Found a runed translucent gate.
  3690 | D:5      | Reached skill level 7 in Axes
  3690 | D:5      | Reached XP level 8. HP: 67/67 MP: 7/7
  3691 | D:5      | Reached skill level 5 in Fighting
  3702 | D:5      | Noticed emiel's ghost (novice NaEE)
  4203 | D:5      | Reached skill level 8 in Axes
  4335 | D:5      | Identified a scroll of acquirement
  4335 | D:5      | Acquired 689 gold pieces
  4853 | D:6      | Found a hide-covered altar of Uskayaw.
  4895 | D:6      | Reached skill level 1 in Stealth
  5012 | D:7      | Noticed Menkaure
  5101 | D:7      | Reached skill level 9 in Axes
  5101 | D:7      | Reached XP level 9. HP: 68/74 MP: 8/8
  5108 | D:7      | Killed Menkaure
  5216 | D:7      | Reached ** piety under Makhleb
  5259 | D:7      | Found a white marble altar of Elyvilon.
  5325 | D:7      | Noticed Prince Ribbit
  5329 | D:7      | Killed Prince Ribbit
  5330 | D:7      | Reached skill level 10 in Axes
  5726 | D:8      | Noticed Psyche
  5729 | D:8      | Killed Psyche
  5746 | D:8      | Reached skill level 11 in Axes
  6080 | D:8      | Found Owaduucu's Armour Shoppe.
  6090 | D:8      | Bought a +1 cloak of willpower for 264 gold pieces
  6090 | D:8      | Bought a +0 pair of boots for 72 gold pieces
  6090 | D:8      | Bought a +0 chain mail for 72 gold pieces
  6207 | D:8      | Noticed Grum
  6215 | D:8      | Killed Grum
  6216 | D:8      | Reached XP level 10. HP: 83/83 MP: 9/9
  6224 | D:8      | Found a bloodstained altar of Trog.
  6305 | D:8      | Found a staircase to the Lair.
  6649 | D:8      | Found a hazy altar of Hepliaklqana.
  6840 | D:9      | Reached skill level 12 in Axes
  7013 | D:9      | Reached *** piety under Makhleb
  7663 | D:9      | Found a snail-covered altar of Cheibriados.
  7898 | D:9      | Reached skill level 10 in Armour
  8024 | D:10     | Entered Level 10 of the Dungeon
  8024 | D:10     | Found Zanaac's Armour Emporium.
  8035 | D:10     | Reached skill level 13 in Axes
  8052 | D:10     | Reached XP level 11. HP: 90/91 MP: 10/10
  8143 | D:10     | Found a flagged portal.
  8258 | Bailey   | Entered a bailey
  8326 | Bailey   | Reached **** piety under Makhleb
  8363 | Bailey   | Noticed an orc knight
  8379 | Bailey   | Killed an orc knight
  8439 | Bailey   | Reached skill level 10 in Shields
  8807 | D:10     | Found a shadowy altar of Dithmenos.
  8890 | D:10     | Found a stormy altar of Qazlal.
  8902 | D:10     | Found an opulent altar of Gozag.
  8967 | D:10     | Reached skill level 14 in Axes
  9382 | D:10     | Bought a +1 plate armour of poison resistance for 448 gold
                  | pieces
  9542 | Lair:1   | Entered Level 1 of the Lair of Beasts
  9603 | Lair:1   | Found a gate leading to a gauntlet.
  9611 | Gauntlet | Entered a Gauntlet
  9611 | Gauntlet | Found a transporter.
  9611 | Gauntlet | Found a transporter.
  9615 | Gauntlet | Found a transporter.
  9615 | Gauntlet | Found a transporter.
  9622 | Gauntlet | Noticed a death scarab
  9642 | Gauntlet | Found a transporter.
  9657 | Gauntlet | Found a transporter.
  9662 | Gauntlet | Noticed a balrug
  9663 | Gauntlet | Found a transporter.
  9663 | Gauntlet | Found a transporter.
  9686 | Gauntlet | Noticed a six-headed hydra
  9689 | Gauntlet | Found a transporter.
  9696 | Gauntlet | Found a transporter.
  9725 | Gauntlet | Found a transporter.
  9766 | Gauntlet | Found a transporter.
  9768 | Gauntlet | Noticed a fire crab
  9788 | Gauntlet | Found a transporter.
  9888 | Gauntlet | Found a transporter.
  9903 | Gauntlet | Found a transporter.
  9916 | Gauntlet | Found a transporter.
 10075 | Gauntlet | Identified the ring "Unel" {rC+ rN+}
 10134 | Gauntlet | Noticed a cyan very ugly thing
 10190 | Gauntlet | HP: 4/94 [balrug/+0 demon whip (27)]
 10193 | Gauntlet | Killed a balrug
 10346 | Gauntlet | Identified the amulet of Wymo {RegenMP rPois Str+8 Int-5
                  | Dex+3}
 10372 | Gauntlet | Identified the +6 whip of the Ten Lovers {spect, Drain
                  | rCorr Dex-2 Stlth+}
 10372 | Gauntlet | Noticed a minotaur
 10380 | Gauntlet | Killed a minotaur
 10381 | Gauntlet | Reached XP level 12. HP: 103/103 MP: 11/11
 10383 | Gauntlet | Identified the +5 scale mail "Emocro" {rF+}
 10426 | Lair:1   | Noticed Amaemon
 10436 | Lair:1   | Killed Amaemon
 10437 | Lair:1   | Reached skill level 15 in Axes
 10453 | Lair:1   | Reached ***** piety under Makhleb
 10457 | Lair:1   | Reached skill level 1 in Invocations
 11155 | Lair:2   | Found a glowing golden altar of the Shining One.
 11330 | Lair:2   | Reached skill level 16 in Axes
 11839 | Lair:2   | Found a staircase to the Shoals.
 12084 | Lair:3   | Reached skill level 1 in Evocations
 12218 | Lair:3   | Found a hole to the Spider Nest.
 12235 | Lair:3   | Reached skill level 10 in Fighting
 12249 | Lair:3   | Reached XP level 13. HP: 113/113 MP: 14/14
 12978 | Lair:4   | Found a transporter.
 13063 | Lair:4   | Found a transporter.
 13067 | Lair:4   | Noticed Wuzine's ghost (journeyman GrFE)
 13316 | Lair:4   | Found a runed translucent door.
 13316 | Lair:4   | Found a viscous altar of Jiyva.
 13317 | Lair:4   | Found a staircase to the Slime Pits.
 13739 | Lair:5   | Entered Level 5 of the Lair of Beasts
 13788 | Lair:5   | Reached skill level 17 in Axes
 13920 | Lair:5   | Reached ****** piety under Makhleb
 14374 | Lair:5   | Reached XP level 14. HP: 125/125 MP: 16/16
 14571 | Lair:5   | Identified the +7 trident of Itoowk {flame, rC+}
 15290 | D:11     | Noticed Harold
 15305 | D:11     | Killed Harold
 15306 | D:11     | Reached skill level 5 in Invocations
 15479 | D:11     | Reached skill level 18 in Axes
 15901 | D:12     | Noticed Urug
 15913 | D:12     | Killed Urug
 16247 | D:12     | Noticed Gastronok
 16259 | D:12     | Killed Gastronok
 16272 | D:12     | Reached skill level 15 in Shields
 16357 | D:12     | Found a staircase to the Orcish Mines.
 16493 | D:12     | Noticed Nessos
 16502 | D:12     | Killed Nessos
 16781 | Orc:1    | Entered Level 1 of the Orcish Mines
 16856 | Orc:1    | Reached skill level 5 in Dodging
 16887 | Orc:1    | Found a dark tunnel.
 16891 | Volcano  | Entered a volcano
 17140 | Volcano  | Found a radiant altar of Vehumet.
 17689 | Orc:1    | Noticed Josephine
 17705 | Orc:1    | Killed Josephine
 17706 | Orc:1    | Reached XP level 15. HP: 128/135 MP: 18/18
 18161 | Orc:2    | Entered Level 2 of the Orcish Mines
 18245 | Orc:2    | Found a staircase to the Elven Halls.
 18276 | Orc:2    | Noticed Blork the orc
 18284 | Orc:2    | Killed Blork the orc
 18297 | Orc:2    | Reached skill level 19 in Axes
 18308 | Orc:2    | Found Joohig's Antique Armour Boutique.
 18715 | Orc:2    | Found Sugotri's General Store.
 18744 | Orc:2    | Found Zedaklye's Antique Weapon Boutique.
 18758 | Orc:2    | Found Teklu's Book Boutique.
 19095 | D:5      | Killed emiel's ghost
 19332 | Lair:4   | HP: 2/137 [seven-headed hydra (9)]
 19333 | Lair:4   | Slain by a lindwurm

Illustrated notes

Levels and vault maps discovered:
D:1:      evilmike_arrival_hilbert_curve, layout_basic
D:2:      layout_rooms, basic_altar, minmay_door_square,
          kennysheep_generic_room_15
D:3:      layout_loops_cross, hellmonk_ecumenical_altar_dog_temple,
          uniq_crazy_yiuf_cottage
D:4:      nicolae_cairo_tiling, layout_rooms
D:5:      layout_loops_corners, minmay_temple_entry_offerings,
          gammafunk_ghost_icy, dreamdust_wishing_well,
          chequers_serial_rivers_room_a
D:6:      layout_basic, general_overflow_altar
D:7:      layout_basic, mainiacjoe_overflow_24_doors,
          chequers_serial_rivers_large_a, uniq_menkaure, uniq_prince_ribbit1
D:8:      layout_basic, worldfamousw_hep_ancestral_shrine,
          mainiacjoe_overflow_six_doors_small, david_lair_shrubbed,
          serial_shops, kennysheep_little_box, uniq_grum, uniq_psyche
D:9:      layout_basic, kennysheep_slug_shrine, chequers_serial_rivers_marsh
D:10:     layout_gridville, amethyst_overflow_temple_binary,
          grunt_dithmenos_shadows, enter_bailey_6, special_room
          [special_room_kobold], serial_shops, nicolae_stop_n_shop_1
D:11:     layout_cave_pods, serial_park_tiny_1, uniq_harold
D:12:     layout_loops_cross, david_orc_1_choice, uniq_gastronok, uniq_nessos,
          uniq_urug
Temple:   eino_narrow_crystal_temple
Lair:1:   layout_gridlike, gauntlet_entry_generic, minmay_stone_trees_small,
          grunt_megastairs_2, uniq_amaemon
Lair:2:   layout_cave_pods, minmay_shoals_entry_hut, basic_altar
Lair:3:   layout_loops_ring, spider_nest_entry_funnel_web, beast_lair_carwin_5
Lair:4:   layout_regular_city, slime_entry_2, gammafunk_ghost_berserking_beasts
Lair:5:   evilmike_catoblepas_cave, layout_cave_pods,
          grunt_forest_large_clearings
Orc:1:    layout_caves, nicolae_volcano_entry_lava_flow, minmay_orc_temple_a,
          uniq_josephine
Orc:2:    grunt_orc_cross, layout_caves, hellmonk_bongcloud_opening

Skill      XL: |  1  2  3  4  5  6  7  8  9 10 11 12 13 14 15 |
---------------+----------------------------------------------+-----
Shields        | 4 5 6 7 8 9 11 12 14 15 | 15.8
Armour         | 4 5 6 8 10 11 12 13 14 | 14.5
Axes           | 3 4 5 7 9 11 13 14 16 17 18 19 | 19.0
Fighting       | 4 5 6 8 10 11 13 | 13.9
Dodging        | 1 2 4 5 |  5.1
Stealth        | 1 2 |  2.0
Invocations    | 3 4 5 |  5.9
Evocations     | 1 |  1.6

Action                     |  1- 3 |  4- 6 |  7- 9 | 10-12 | 13-15 || total
---------------------------+-------+-------+-------+-------+-------++-------
  Melee: War axe           |    89 |    56 |   157 |   419 |   550 ||  1271
         Headbutt          |     7 |    10 |    20 |    86 |   134 ||   257
 Invoke: Minor Destruction |       |       |       |    13 |    12 ||    25
         Lesser Servant of |       |       |       |     3 |    14 ||    17
         Major Destruction |       |       |       |       |     1 ||     1
  Evoke: Wand              |       |       |       |     4 |     9 ||    13
    Use: Scroll            |       |    11 |    11 |    19 |     4 ||    45
         Potion            |       |       |       |     4 |     3 ||     7
   Stab: Invisible         |       |       |       |       |     2 ||     2
         Distracted        |       |       |       |       |     1 ||     1
 Armour: Scale mail        |    37 |    16 |    50 |       |       ||   103
         Plate armour      |       |       |       |   188 |   228 ||   416
         Chain mail        |       |       |       |     6 |       ||     6
         Skin              |       |       |       |       |     3 ||     3
  Dodge: Dodged            |    34 |    30 |    60 |   143 |   118 ||   385
  Block: Buckler           |    27 |    28 |    95 |   124 |       ||   274
         Reflection        |       |       |     7 |    12 |    21 ||    40
         Kite shield       |       |       |       |   181 |   400 ||   581

Table legend: (Time is in decaauts)
 A = Elapsed time spent in this place.
 B = Non-inter-level travel time spent in this place.
 C = Inter-level travel time spent in this place.
 D = Time resting spent in this place.
 E = Time spent auto-exploring this place.
 F = Levels seen in this place.
 G = Mean time per level.
                   A        B        C        D        E       F      G
               +--------+--------+--------+--------+--------+-----+--------+
         Total |  19288 |  18089 |   1199 |   1105 |  12934 |  23 |  838.6 |
       Dungeon |  11001 |  10260 |    741 |    728 |   7408 |  12 |  916.8 |
        Temple |    158 |    150 |      8 |      0 |    144 |   1 |  158.0 |
          Lair |   4964 |   4566 |    398 |     55 |   3693 |   5 |  992.8 |
  Orcish Mines |   1299 |   1248 |     51 |      0 |    972 |   2 |  649.5 |
        Bailey |    313 |    313 |      0 |      0 |    209 |   1 |  313.0 |
       Volcano |    780 |    780 |      0 |    186 |    374 |   1 |  780.0 |
      Gauntlet |    770 |    770 |      0 |    136 |    134 |   1 |  770.0 |
               +--------+--------+--------+--------+--------+-----+--------+

Top non-repeatable levels by time:
  Lair:5: 1374 daAuts
     D:9: 1328 daAuts
     D:8: 1233 daAuts
     D:5: 1232 daAuts
    D:10: 983 daAuts
     D:1: 955 daAuts
  Lair:4: 938 daAuts
  Lair:1: 937 daAuts
  Lair:2: 898 daAuts
    D:12: 889 daAuts
     D:3: 835 daAuts
     D:4: 833 daAuts
  Lair:3: 815 daAuts
     D:7: 785 daAuts
 Volcano: 780 daAuts
